 Dungeon Crawl Stone Soup version 0.24.0-35-gdb84b6a5db (webtiles) character file.

Game seed: 16397080658496376958, levelgen mode: deterministic

2645 H0rd4k the Thaumaturge (level 9, -11/46 HPs)
             Began as a Deep Elf Wizard on Nov 18, 2019.
             Mangled by an orc
             ... wielding a +0 flail
              (12 damage)
             ... on level 8 of the Dungeon.
             The game lasted 00:23:20 (9624 turns).

H0rd4k the Thaumaturge (Deep Elf Wizard)            Turns: 9624, Time: 00:23:21

Health: -11/46     AC:  2    Str:  4    XL:     9   Next: 35%
Magic:  0/26       EV: 15    Int: 27    God:
Gold:   396        SH:  0    Dex: 17    Spells: 22/31 levels left

rFire    . . .     SeeInvis .   y - +10 great mace of Eternal Harmony {drain, Dex+4}
rCold    + . .     Gourm    +   (shield currently unavailable)
rNeg     . . .     Faith    .   a - +0 robe
rPois    .         Spirit   +   b - +0 hat
rElec    .         Reflect  .   x - scarf {Spirit}
rCorr    .         Harm     .   (no gloves)
MR       .....                  (no boots)
Stlth    ++++......             D - amulet of the gourmand (curse)
HPRegen  0.15/turn              h - ring of stealth
MPRegen  0.20/turn              p - ring of protection from cold

@: flying
A: no striking features
a: no special abilities


You were on level 8 of the Dungeon.
You were not hungry.

You visited 1 branch of the dungeon, and saw 8 of its levels.

You collected 396 gold pieces.

Inventory:

Hand Weapons
 y - the +10 great mace of Eternal Harmony (weapon) {drain, Dex+4}
   (You found it on level 6 of the Dungeon)

   A truly terrible weapon, it drains the life of those it strikes.
   It affects your dexterity (+4).
 z - a +2 short sword of flaming
Missiles
 u - 7 atropa-tipped darts (quivered)
 E - 4 silver boomerangs
 F - 4 curare-tipped darts
Armour
 a - a +0 robe (worn)
 b - a +0 hat (worn)
 x - a scarf of spirit shield (worn)
Jewellery
 h - a ring of stealth (left hand)
 o - an uncursed ring of flight
 p - a ring of protection from cold (right hand)
 C - an uncursed ring of see invisible {unknown}
 D - a cursed amulet of the gourmand (around neck)
Wands
 B - a wand of random effects (14)
Scrolls
 c - 4 scrolls of fog {unknown}
 e - 7 scrolls of amnesia {unknown}
 g - 10 scrolls of identify {unknown}
 i - 6 scrolls of remove curse {unknown}
 j - 5 scrolls of teleportation {unknown}
 n - 5 scrolls of magic mapping {unknown}
 q - a scroll of fear {unknown}
 w - a scroll of blinking {unknown}
 A - 4 scrolls of enchant weapon {unknown}
 G - a scroll of immolation {unknown}
 H - a scroll of summoning {unknown}
Potions
 r - a potion of lignification {unknown}
 s - a potion of magic {unknown}
 t - a potion of experience {unknown}
 v - a potion of haste {unknown}
Comestibles
 d - 16 rations


   Skills:
 + Level 0.7 Fighting
 + Level 0.8 Maces & Flails
 + Level 4.4 Dodging
 + Level 4.5 Stealth
 + Level 11.8 Spellcasting
 + Level 8.1 Conjurations
   Level 1.1 Summonings
 + Level 2.4 Translocations
 + Level 2.2 Fire Magic
 + Level 0.3 Poison Magic
 + Level 0.4 Evocations


You had 22 spell levels left.
You knew the following spells:

 Your Spells              Type           Power        Failure   Level  Hunger
a - Magic Dart            Conj           ####         1%          1    None
b - Blink                 Tloc           N/A          1%          2    None
c - Conjure Flame         Conj/Fire      #####...     1%          3    None
d - Mephitic Cloud        Conj/Pois/Air  ####....     3%          3    None

Your spell library contained the following spells:

 Spells                   Type           Power        Failure   Level  Hunger
 Dazzling Spray           Conj/Hex       #####.       1%          3    None
 Corona                   Hex            ###....      3%          1    None
 Call Imp                 Summ           ###.....     3%          2    None
 Ensorcelled Hibernation  Hex/Ice        ###...       5%          2    None
 Slow                     Hex            ###.....     5%          2    None
 Confuse                  Hex            ###.....     11%         3    None
 Tukima's Dance           Hex            ###.....     11%         3    None


Dungeon Overview and Level Annotations

Branches:
Dungeon (8/15)             Temple (0/1) D:4
   Lair: D:8-11

Altars:
Elyvilon
Hepliaklqana

Shops:
D:7 !

Annotations:
D:6 exclusion: upstairs
D:7 exclusion: downstairs
D:8 4 runed translucent doors, Psyche


Message History

Unknown command.
Casting: Magic Dart (safe; 1% risk of failure)
Confirm with . or Enter, or press ? or * to list all spells.
You blink.
It was a potion of resistance.
You feel protected. Something hits you.
* * * LOW HITPOINT WARNING * * *
It was a potion of cancellation.
Your magical effects are unravelling.
You feel magically purged.
Your resistance to elements expires.
Something hits you.
* * * LOW HITPOINT WARNING * * *
It was a potion of flight.
You feel very buoyant.
You fly up into the air.
Something hits you.
* * * LOW HITPOINT WARNING * * *
Something hits you!
You die...

.# #.........#
.####.#####.###
......## #.# .......#
#.# .#####.# #.# ###
#### # .# #.# #.# #..
..# # .# #.# #.# #.#
#.# # .# #.#
#.######### #.#####.###
.# #.#
#.....@...###.##......)
.# #.#
########...##.##.##.###
.# #.# #..#..)....##.#
.#####.#
#....##....)..#
.......#
#.#.###########
....#############.#.# #
..................#.# #
###.##..............# #
#.##.############## #


There were no monsters in sight!

Vanquished Creatures
  A hippogriff (D:8)
  A wyvern (D:8)
  5 sky beasts
  A phantom (D:5)
  2 ogres
  2 centaurs
  2 crocodiles
  2 bullfrogs
  A water moccasin skeleton (D:6)
  4 killer bees (D:8)
  2 crimson imps
  A centaur zombie (D:5)
  3 bullfrog zombies
  2 bullfrog skeletons (D:5)
  A hound (D:5)
  2 orc priests
  2 jellies
  A centaur skeleton (D:7)
  An iguana (D:8)
  2 orc wizards
  7 worker ants
  A hound skeleton (D:8)
  Robin (D:3)
  5 gnolls
  A howler monkey skeleton (D:6)
  5 adders
  4 shadow imps
  3 adder skeletons
  A dart slug (D:1)
  6 leopard geckos
  14 orcs
  4 ball pythons (D:3)
  7 giant cockroaches
  22 goblins
  12 hobgoblins
  10 jackals
  A quokka (D:2)
  8 bats
  10 frilled lizards
  A jackal zombie (D:5)
  9 kobolds
  A leopard gecko zombie (D:8)
  18 rats
189 creatures vanquished.

Notes
Turn   | Place    | Note
-------+----------+-------------------------------------------
     0 | D:1      | H0rd4k the Deep Elf Wizard began the quest for the Orb.
     0 | D:1      | Reached XP level 1. HP: 10/10 MP: 7/7
   103 | D:1      | Reached XP level 2. HP: 15/15 MP: 2/9
   379 | D:1      | Reached skill level 5 in Spellcasting
   805 | D:1      | Reached XP level 3. HP: 1/19 MP: 1/11
  1175 | D:1      | Learned a level 2 spell: Blink
  1179 | D:1      | Learned a level 3 spell: Conjure Flame
  1183 | D:1      | Learned a level 3 spell: Mephitic Cloud
  1539 | D:2      | Reached XP level 4. HP: 13/24 MP: 10/13
  2128 | D:2      | Reached skill level 6 in Spellcasting
  2493 | D:3      | You fall into a shaft and drop 1 floor!
  2493 | D:4      | Found a staircase to the Ecumenical Temple.
  2552 | D:4      | Reached XP level 5. HP: 28/28 MP: 8/15
  3219 | D:3      | Reached skill level 7 in Spellcasting
  3588 | D:3      | Reached XP level 6. HP: 32/32 MP: 9/18
  3883 | D:3      | Identified the +1 helmet of the Thistle {rCorr Str+8 Int-2
                  | Dex-3}
  3883 | D:3      | Noticed Robin
  3888 | D:3      | Killed Robin
  4175 | D:5      | Entered Level 5 of the Dungeon
  4700 | D:6      | Got a twisted great mace
  4701 | D:6      | Identified the +10 great mace of Eternal Harmony {drain,
                  | Dex+4} (You found it on level 6 of the Dungeon)
  5754 | D:5      | Reached skill level 8 in Spellcasting
  5754 | D:5      | Reached skill level 5 in Conjurations
  5754 | D:5      | Reached XP level 7. HP: 34/36 MP: 4/20
  6881 | D:6      | Reached skill level 9 in Spellcasting
  6993 | D:6      | Reached XP level 8. HP: 18/42 MP: 0/23
  8187 | D:7      | Found Pibets's Distillery.
  8242 | D:7      | Found a white marble altar of Elyvilon.
  8307 | D:7      | Found a hazy altar of Hepliaklqana.
  8335 | D:7      | Reached skill level 1 in Fire Magic
  8413 | D:7      | Reached skill level 10 in Spellcasting
  8595 | D:8      | Noticed Psyche
  8840 | D:8      | Found a huge runed translucent gate.
  8840 | D:8      | Found a huge runed translucent gate.
  8840 | D:8      | Found a huge runed translucent gate.
  8840 | D:8      | Noticed a death yak
  8841 | D:8      | Found a huge runed translucent gate.
  8841 | D:8      | Noticed a polar bear
  8841 | D:8      | Noticed a manticore
  8841 | D:8      | Noticed a death yak
  8841 | D:8      | Noticed a polar bear
  8841 | D:8      | Noticed a polar bear
  8841 | D:8      | Noticed a hippogriff
  8842 | D:8      | Noticed a polar bear
  8843 | D:8      | Noticed a hippogriff
  8843 | D:8      | Noticed a manticore
  8843 | D:8      | Noticed a dream sheep
  8910 | D:8      | Noticed a hippogriff
  8920 | D:8      | Killed a hippogriff
  8920 | D:8      | Reached skill level 11 in Spellcasting
  8920 | D:8      | Reached XP level 9. HP: 46/46 MP: 11/26
  9624 | D:8      | HP: 1/46 [something (3)]
  9624 | D:8      | Mangled by an orc

Levels and vault maps discovered:
D:1:      elethiomel_arrival_diamonds, layout_loops_ring
D:2:      layout_loops_corners, chequers_serial_rivers_room_a,
          minmay_tetromino_i4
D:3:      kennysheep_goblin_castle, layout_basic, first_ration,
          minmay_stone_trees_small
D:4:      layout_rooms, minmay_temple_entry_tees, minivault_4
D:5:      layout_basic, nzn_random_ring
D:6:      layout_layer_cave, chequers_hall_statues_y
D:7:      layout_rooms, lemuel_crystal_altar, basic_altar, serial_shops,
          nicolae_shop_crystal
D:8:      lemuel_bear_cage, layout_loops_ring, kennysheep_generic_room_12,
          uniq_psyche

Skill      XL: |  1  2  3  4  5  6  7  8  9 |
---------------+----------------------------+-----
Spellcasting   | 5 6 7 8 9 11 | 11.8
Conjurations   | 2 3 5 6 7 8 |  8.1
Dodging        | 3 4 |  4.4
Stealth        | 3 4 |  4.5
Translocations | 2 |  2.4
Fire Magic     | 2 |  2.2
Fighting       | |  0.7
Maces & Flails | |  0.8
Summonings     | |  1.1
Poison Magic   | |  0.3
Evocations     | |  0.4

Action                   |  1- 3 |  4- 6 |  7- 9 || total
-------------------------+-------+-------+-------++-------
Melee: Great mace        |       |     4 |     3 ||     7
 Cast: Magic Dart        |    92 |   233 |   221 ||   546
       Conjure Flame     |       |     6 |    27 ||    33
       Blink             |       |     8 |     6 ||    14
       Mephitic Cloud    |       |     1 |     3 ||     4
 Abil: Stop Flying       |       |     1 |       ||     1
       Evoke Flight      |       |     1 |       ||     1
Evoke: Wand              |       |       |     8 ||     8
  Use: Potion            |       |       |     6 ||     6
  Eat: Chunk             |     2 |     7 |    11 ||    20
       Ration            |       |     2 |       ||     2
Armor: Robe              |     5 |    13 |     5 ||    23
Dodge: Dodged            |    13 |    54 |    33 ||   100
